 Dungeon Crawl Stone Soup version 0.31-a0-162-gc4c5a43528 (webtiles) character file.

Game seed: 13679426108727111478

3 qw the Shooter (level 1, 0/19 HPs)
             Began as a Naga Hunter on June 12, 2023.
             Slain by a jackal (3 damage)
             ... on level 1 of the Dungeon.
             The game lasted 00:00:02 (26 turns).

qw the Shooter (Naga Hunter)                          Turns: 26, Time: 00:00:02

Health: 0/19       AC:  1    Str: 13    XL:     1   Next: 50%
Magic:  1/1        EV:  9    Int:  9    God:
Gold:   0          SH:  0    Dex: 14    Spells: 0/0 levels left

rFire   . . .        a - +0 shortbow
rCold   . . .        (shield currently unavailable)
rNeg    . . .        c - +0 leather armour
rPois   +            (no helmet)
rElec   .            (no cloak)
rCorr   .            (no gloves)
SInv    +            (no barding)
Will    .....        (no amulet)
Stlth   ++           (no ring)
HPRegen 0.23/turn    (no ring)
MPRegen 0.07/turn

%: no passive effects
@: short of breath, very slow
A: AC +0, large, see invisible, deformed body, poison resistance, slowness 2,
spit poison 1, naga tail 1
a: Spit Poison


You were on level 1 of the Dungeon.
You visited 1 branch of the dungeon, and saw 1 of its levels.


Innate Abilities, Weirdness & Mutations

Your serpentine skin is tough. (AC +0)
You have supernaturally acute eyesight. (SInv)
Armour fits poorly on your strangely shaped body.
Your system is resistant to poisons. (rPois)
You cover ground very slowly.
You can spit poison.
You have a snake-like lower body.


   Skills:
 - Level 2.0 Fighting
 + Level 3.8 Ranged Weapons
 - Level 1.5 Dodging
 - Level 1.5 Stealth


You couldn't memorise any spells.
You didn't know any spells.
Your spell library was empty.

Inventory:

Hand Weapons
 a - a +0 shortbow (weapon)
Armour
 c - a +0 leather armour (worn)
Scrolls
 b - a scroll of butterflies
 d - a scroll of identify {unknown}
 e - a scroll of poison {unknown}

Dungeon Overview and Level Annotations

Branches:
Dungeon (1/15)

Altars:


Message History

18 ||| INVOKING Spit Poison.
Aiming: Spit Poison (3% risk of failure)
Press: ? - help, Shift-Dir - straight line, f - bat, p - jackal The splash of poison misses the bat.
The bat hits you but does no damage.
A jackal comes into view.
You shoot an arrow. The jackal barks!
The arrow hits the bat but does no damage.
The bat hits you.
A jackal comes into view.
You shoot an arrow. The arrow misses the jackal.
The jackal barks!
You have got your breath back.
The bat closely misses you. The bat hits you. The jackal bites you.
21 ||| INVOKING Spit Poison.
Aiming: Spit Poison (3% risk of failure)
Press: ? - help, Shift-Dir - straight line, f/p - jackal The splash of poison misses the jackal.
The bat barely misses you. The jackal closely misses you.
You shoot an arrow. The arrow barely misses the jackal.
The jackal bites you. The bat hits you but does no damage.
The jackal bites you. The jackal completely misses you.
You shoot an arrow. The arrow hits the jackal.
You kill the jackal!
The bat hits you. The jackal barely misses you. The jackal bites you.
The jackal closely misses you. The jackal bites you. The bat barely misses you.
You shoot an arrow. The arrow hits the jackal!
You kill the jackal!
You have got your breath back.
The bat hits you. The jackal completely misses you. The jackal bites you.
25 ||| INVOKING Spit Poison.
Aiming: Spit Poison (3% risk of failure)
Press: ? - help, Shift-Dir - straight line, f - jackal The splash of poison hits the jackal but does no damage.
The jackal is poisoned.
The bat hits you. The jackal closely misses you.
You shoot an arrow. The arrow barely misses the jackal.
The bat hits you. x2; The jackal bites you.
You die...

##.#.....####..
.......#.......
####.#%#.#.......
#>.......+......
#........#....
#...........#+###
.##.......h%.......
..........b@.#
.......)....##
..............##
....#...........##
....#..~~~.~~~...#
.....~~7....~~....
#..~~..8..7.~~....
#.~~.........~~...
#.~...........~...


You could see a jackal (poisoned) and a bat.

Vanquished Creatures
  2 jackals (D:1)
  A rat (D:1)
3 creatures vanquished.

Notes
Turn   | Place    | Note
-------+----------+-------------------------------------------
     0 | D:1      | qw the Naga Hunter began the quest for the Orb.
     0 | D:1      | Reached XP level 1. HP: 19/19 MP: 1/1
     0 | D:1      | 0 ||| qw: Version: 0.2-a-29-gc1b59c4
     0 | D:1      | 0 ||| qw: Game counter: 4391
     0 | D:1      | 0 ||| qw: Always use a shield: true
     0 | D:1      | 0 ||| qw: God list: Okawaru
     0 | D:1      | 0 ||| qw: Allow faded altars: false
     0 | D:1      | 0 ||| qw: Do Orc after D:15 true
     0 | D:1      | 0 ||| qw: Do second Lair branch before Depths: true
     0 | D:1      | 0 ||| qw: Lair rune preference: random
     0 | D:1      | 0 ||| qw: Plans: Normal
     0 | D:1      | 0 ||| PLANNING D:1-11
    18 | D:1      | 18 ||| INVOKING Spit Poison.
    21 | D:1      | 21 ||| INVOKING Spit Poison.
    25 | D:1      | 25 ||| INVOKING Spit Poison.
    26 | D:1      | HP: 4/19 [bat (1)]
    26 | D:1      | Slain by a jackal

Levels and vault maps discovered:
D:1:      moated_graveyard_arrival, layout_basic,
          shapermc_ecumenical_altar_flowoftime, roderic_lattice_a

Action                     || total
---------------------------++-------
   Fire: Shortbow          ||     8
Ability: Spit Poison       ||     3
 Armour: Leather armour    ||     2
  Dodge: Dodged            ||     9

Table legend:
 A = Non-vault XP
 B = Vault XP
 C = Vault XP percentage of total XP
 D = Non-vault monster count
 E = Vault monster count
 F = Vault count percentage of total count
                 A         B        C        D         E       F
            +---------+---------+-------+---------+---------+-------
      Total |       5 |       0 |   0.0 |       3 |       0 |   0.0
            +---------+---------+-------+---------+---------+-------
        D:1 |       5 |       0 |   0.0 |       3 |       0 |   0.0
            +---------+---------+-------+---------+---------+-------
